 Dungeon Crawl Stone Soup version 0.20.2-3-g29329e0561 (webtiles) character file.

314 Alfie the Cutter (level 6, -1/52 HPs)
             Began as a Hill Orc Fighter on Sept 6, 2023.
             Slain by an orc priest
             ... wielding a +0 short sword
              (2 damage)
             ... on level 3 of the Dungeon.
             The game lasted 00:06:47 (1775 turns).

Alfie the Cutter (Hill Orc Fighter)                 Turns: 1775, Time: 00:06:48

Health: -1/52      AC:  7    Str: 21    XL:     6   Next: 43%
Magic:  6/6        EV:  8    Int:  8    God:
Gold:   172        SH:  9    Dex: 10    Spells: 5/5 levels left

rFire    . . .     SeeInvis .   a - +0 rapier
rCold    + . .     Gourm    .   c - +0 shield
rNeg     . . .     Faith    .   i - +1 ring mail {rC+}
rPois    .         Spirit   .   (no helmet)
rElec    .         Reflect  .   (no cloak)
rCorr    .         Harm     .   (no gloves)
MR       .....                  (no boots)
Stlth    ..........             (no amulet)
Regen    0.2/turn               (no ring)
MPRegen  0.1/turn               (no ring)

@: no status effects
A: no striking features
a: Convert to Beogh


You were on level 3 of the Dungeon.
You were not hungry.

You visited 1 branch of the dungeon, and saw 3 of its levels.

You collected 172 gold pieces.

Inventory:

Hand Weapons
 a - a +0 rapier (weapon)
Armour
 c - a +0 shield (worn)
 i - a +1 ring mail of cold resistance (worn)
Jewellery
 l - an uncursed amulet of regeneration {unknown}
Wands
 d - a wand of flame (36/48)
Scrolls
 e - 2 scrolls of identify {unknown}
 g - a scroll of amnesia {unknown}
 k - a scroll of noise {unknown}
 m - a scroll of recharging {unknown}
 p - a scroll of remove curse {unknown}
 q - a scroll of enchant weapon {unknown}
Potions
 h - a potion of cancellation
 n - a potion of heal wounds {unknown}
Comestibles
 b - a meat ration
 f - a bread ration


   Skills:
 + Level 4.3 Fighting
 + Level 4.6 Short Blades
 + Level 4.4 Armour
 + Level 1.0 Dodging
 + Level 4.4 Shields


You had 5 spell levels left.
You didn't know any spells.

Dungeon Overview and Level Annotations

Branches:
Dungeon (3/15)

Altars:


Message History

The orc priest invokes the aid of Beogh against you.
Beogh smites you!
* * * LOW HITPOINT WARNING * * *
You closely miss the orc priest.
The orc priest is moderately wounded.
The orc priest shouts, "Beogh is our master!
Accept the truth or die!"
The orc priest hits you with a short sword.
* * * LOW HITPOINT WARNING * * *
You closely miss the orc priest.
The orc priest is moderately wounded.
The orc priest hits you with a short sword.
* * * LOW HITPOINT WARNING * * *
You hit the orc priest.
The orc priest is heavily wounded.
The orc priest hits you with a short sword.
* * * LOW HITPOINT WARNING * * *
You barely miss the orc priest.
The orc priest is heavily wounded.
The orc priest hits you with a short sword.
You die... ##.........#.# #.# #..#######...# #.# #.## oo#

. #.. #.#
...# #####
#.#.......#
#....
#.#.#...#.#
#....
#.#.......#
#....
#.#o......#
#.... #@#o.
.... #.†..
#o#.#o..#.
#....
#K#.......
#....
#o........
#####
####.....#
....# ...#
... ..


You could see an orc priest, an orc and a kobold.

Vanquished Creatures
  The ghost of Alfie the Skirmisher, an amateur HOFi (D:3)
  An orc wizard (D:3)
  Ijyb (D:3)
  7 adders
  An ooze (D:1)
  2 dart slugs
  7 orcs (D:3)
  A giant cockroach (D:1)
  6 hobgoblins
  A quokka (D:2)
  6 bats
  2 frilled lizards (D:1)
  7 goblins
  2 kobolds
  3 rats
48 creatures vanquished.

Notes
Turn   | Place    | Note
-------+----------+-------------------------------------------
     0 | D:1      | Alfie the Hill Orc Fighter began the quest for the Orb.
     0 | D:1      | Reached XP level 1. HP: 19/19 MP: 1/1
   223 | D:1      | Reached XP level 2. HP: 10/27 MP: 2/2
   741 | D:2      | Reached XP level 3. HP: 28/33 MP: 3/3
  1004 | D:2      | Reached XP level 4. HP: 27/40 MP: 4/4
  1405 | D:3      | Noticed Alfie's ghost (amateur HOFi)
  1407 | D:3      | Noticed Ijyb
  1421 | D:3      | Killed Ijyb
  1421 | D:3      | Reached XP level 5. HP: 46/46 MP: 5/5
  1439 | D:3      | Killed Alfie's ghost
  1439 | D:3      | Reached XP level 6. HP: 13/52 MP: 6/6
  1766 | D:3      | Reached skill level 1 in Dodging
  1774 | D:3      | HP: 1/52 [orc priest/short sword (2)]
  1775 | D:3      | Slain by an orc priest

Skill      XL: |  1  2  3  4  5  6 |
---------------+-------------------+-----
Armour         | 4 |  4.4
Shields        | 4 |  4.4
Fighting       | 4 |  4.3
Short Blades   | 3 4 |  4.6
Dodging        | 1 |  1.0

Action                   |  1- 3 |  4- 6 || total
-------------------------+-------+-------++-------
Melee: Rapier            |    83 |   121 ||   204
  Use: Potion            |       |     5 ||     5
  Eat: Royal jelly       |       |     1 ||     1
       Bread ration      |       |     1 ||     1
Armor: Scale mail        |    38 |    26 ||    64
       Ring mail         |       |    17 ||    17
       Skin              |       |     5 ||     5
Dodge: Dodged            |    23 |    37 ||    60
Block: Shield            |    44 |    62 ||   106
